AoeStats
← YOGI

Black Forest

510143714Analyzed
3v3 RM · 2d ago on Sep 29, 2026· 67m 2s· 6 players
Game mode
Random Map
Map size
Normal (6 player)
Population
200
Speed
Normal
Resources
Standard
Victory
Conquest
Starting age
Dark Age
Ending age
Imperial Age
RankedLock teamsTeams togetherTeam positionsShared explorationLock speedFull tech treeHidden civsTurbo modeCheats
Victory
Defeat
🇳🇱 Italians · Netherlands
795
+15
🇳🇱 Huns · Netherlands
766
+17
🇨🇴 Japanese · Colombia
695
+19
🇮🇳 Malians · India
827
-19
🇹🇼 Malay · Taiwan
752
-16
🇹🇼 Burmese · Taiwan
752
-16
TEAM MBG
0:26 Loom
11:18 Feudal Age
12:34 Wheelbarrow
11:48 Double-Bit Axe
14:23 Horse Collar
23:44 Castle Age
22:12 Stone Mining
24:58 Hand Cart
25:21 Stone Shaft Mining
25:00 Bow Saw
24:53 Heavy Plow
25:22 Gold Mining
33:24 Imperial Age
32:19 Silk Road
34:02 Caravan
34:46 Crop Rotation
35:21 Two-Man Saw
34:29 Town Watch
38:18 Fletching
38:28 Padded Archer Armor
38:35 Scale Barding Armor
37:56 Elite Genoese Crossbowman
39:23 Scale Mail Armor
39:34 Forging
39:19 Bodkin Arrow
39:54 Leather Archer Armor
40:16 Murder Holes
40:52 Bracer
40:42 Elite Genoese Crossbowman
44:12 Ballistics
Crassus
12:16 Feudal Age
13:59 Double-Bit Axe
19:14 Castle Age
18:07 Stone Mining
18:11 Gold Mining
18:07 Horse Collar
21:09 Wheelbarrow
23:28 Heavy Plow
24:29 Caravan
26:07 Hand Cart
29:27 Bow Saw
29:28 Forging
29:23 Scale Barding Armor
29:53 Light Cavalry
30:43 Bloodlines
30:33 Husbandry
30:48 Marauders
32:01 Iron Casting
31:46 Chain Barding Armor
34:25 Gold Shaft Mining
37:00 Imperial Age
34:17 Loom
34:17 Town Watch
34:40 Pikeman
35:21 Squires
35:52 Masonry
35:40 Murder Holes
37:00 Elite Tarkan
38:02 Conscription
38:05 Atheism
39:29 Halberdier
40:43 Man-at-Arms
41:53 Town Patrol
46:00 Thumb Ring
55:29 Cavalier
55:32 Hussar
Aleko Bart
6:40 Loom
19:19 Feudal Age
22:46 Fletching
27:26 Castle Age
28:03 Wheelbarrow
27:33 Horse Collar
29:05 Double-Bit Axe
31:54 Bow Saw
32:13 Caravan
32:39 Gold Mining
34:30 Heavy Plow
39:29 Imperial Age
37:18 Hand Cart
36:35 Crossbowman
38:07 Husbandry
39:38 Stone Mining
40:22 Coinage
40:45 Ballistics
40:37 Fortified Wall
41:54 Two-Man Saw
40:35 Cavalier
42:11 Capped Ram
43:39 Kataparuto
44:45 Gold Shaft Mining
46:14 Conscription
47:09 Hoardings
45:56 Elite Samurai
50:34 Arbalester
51:21 Thumb Ring
63:21 Scale Barding Armor
63:28 Forging
63:13 Bodkin Arrow
63:19 Scale Mail Armor
63:20 Padded Archer Armor
65:38 Onager
YOGI
14:29 Feudal Age
20:46 Castle Age
18:33 Horse Collar
19:04 Double-Bit Axe
30:56 Imperial Age
28:48 Scale Barding Armor
31:24 Chain Barding Armor
32:54 Caravan
32:48 Crossbowman
33:34 Thumb Ring
32:55 Elite Gbeto
34:55 Ballistics
34:51 Fortified Wall
34:36 Murder Holes
36:00 Town Watch
36:50 Wheelbarrow
37:28 Town Patrol
37:08 Arbalester
37:53 Padded Archer Armor
37:43 Fletching
38:06 Forging
37:57 Scale Mail Armor
38:52 Hand Cart
39:33 Leather Archer Armor
39:13 Bodkin Arrow
46:09 Onager
47:37 Heavy Camel Rider
51:27 Siege Onager
harrison820
12:08 Feudal Age
12:11 Loom
13:45 Double-Bit Axe
20:41 Castle Age
19:43 Stone Mining
19:45 Horse Collar
20:37 Gold Mining
21:01 Bow Saw
21:39 Wheelbarrow
22:07 Padded Archer Armor
24:17 Coinage
25:58 Hand Cart
26:00 Heavy Plow
29:14 Stone Shaft Mining
29:17 Gold Shaft Mining
33:32 Imperial Age
32:22 Leather Archer Armor
32:19 Forging
31:41 Elite Skirmisher
33:40 Elite Battle Elephant
35:59 Iron Casting
35:55 Ring Archer Armor
37:04 Conscription
37:41 Crop Rotation
39:55 Forced Levy
41:01 Elite Karambit Warrior
43:11 Thumb Ring
42:31 Light Cavalry
45:47 Husbandry
45:25 Cavalier
46:29 Fletching
46:44 Scale Barding Armor
47:40 Blast Furnace
49:34 Bodkin Arrow
56:41 Pikeman
57:25 Squires
57:11 Arson
57:44 Halberdier
61:27 Murder Holes
61:46 Masonry
wen820323
13:37 Feudal Age
23:12 Castle Age
28:32 Gold Mining
28:33 Stone Mining
28:47 Man-at-Arms
28:49 Pikeman
29:16 Gambesons
29:17 Arson
30:14 Long Swordsman
37:03 Imperial Age
35:29 Crossbowman
38:34 Halberdier
38:36 Two-Handed Swordsman
Connection lost

Rejoining the realm…

Still unreachable

The connection could not be restored.

Session expired

The server has moved on; the page needs a fresh start.